 Dungeon Crawl Stone Soup version 0.29.1-2-gbd0b4ee654 (webtiles) character file.

Game seed: 4010207018604567850

158 boopmooplesden the Twirler (level 5, 0/45 HPs)
             Began as a Minotaur Gladiator on Nov 29, 2022.
             Slain by an ogre
             ... wielding a +0 giant spiked club
              (14 damage)
             ... on level 4 of the Dungeon.
             The game lasted 00:03:04 (2724 turns).

boopmooplesden the Twirler (Minotaur Gladiator)     Turns: 2724, Time: 00:03:05

Health: 0/45       AC:  3    Str: 20    XL:     5   Next: 16%
Magic:  4/4        EV: 13    Int:  5    God:
Gold:   132        SH:  0    Dex: 12    Spells: 4/4 levels left

rFire   . . .      SeeInvis .   a - +1 quarterstaff (flame)
rCold   . . .      Faith    .   (shield currently unavailable)
rNeg    . . .      Spirit   .   b - +0 leather armour
rPois   .          Reflect  .   c - +0 hat
rElec   .          Harm     .   (no cloak)
rCorr   .          Rampage  .   (no gloves)
Will    +....                   (no boots)
Stlth   +.........              (no amulet)
HPRegen 0.15/turn               k - ring of willpower
MPRegen 0.09/turn               (no ring)

@: mighty
A: horns 2, retaliatory headbutt
a: no special abilities


You were on level 4 of the Dungeon.
You visited 1 branch of the dungeon, and saw 4 of its levels.

You collected 132 gold pieces.

Inventory:

Hand Weapons
 a - a +1 quarterstaff of flaming (weapon)
 f - a +0 quarterstaff
Missiles
 d - 4 throwing nets (quivered)
 e - 4 javelins
Armour
 b - a +0 leather armour (worn)
 c - a +0 hat (worn)
 h - a +0 scale mail
Jewellery
 j - a ring of magical power
 k - a ring of willpower (left hand)
Scrolls
 g - a scroll of immolation
 l - a scroll of magic mapping
Potions
 i - a potion of degeneration {unknown}
 m - a potion of cancellation {unknown}


   Skills:
 + Level 3.4 Fighting
 + Level 5.3 Staves
 + Level 2.1 Throwing
 + Level 1.8 Armour
 + Level 4.2 Dodging
 + Level 0.1 Stealth


You had 4 spell levels left.
You didn't know any spells.
Your spell library contained the following spells:

 Spells                   Type           Power      Damage    Failure   Level
 Slow                     Hex            0%         N/A       52%         1
 Call Canine Familiar     Summ           0%         N/A       88%         3
 Confusing Touch          Hex            0%         N/A       88%         3
 Portal Projectile        Hex/Tloc       0%         N/A       88%         3
 Vampiric Draining        Necr           0%         2d6       88%         3
 Leda's Liquefaction      Hex/Erth       0%         N/A       99%         4


Dungeon Overview and Level Annotations

Branches:
Dungeon (4/15)
 Temple: D:4-7

Altars:

Shops:
D:1 [

Annotations:
D:4 Grinder


Innate Abilities, Weirdness & Mutations

You have a pair of horns on your head.
You reflexively headbutt those who attack you in melee.


Message History

HP restored.
Found two leather armours.
n - a scroll labelled VEMPAE KELOSTI You now have 132 gold pieces (gained 16).
A hobgoblin comes into view.
Found a stone staircase leading up.
The hobgoblin shouts!
You hear a shout!
The hobgoblin moves out of view.
An ogre comes into view. It is wielding a +0 giant spiked club.
There are monsters nearby!
There are monsters nearby!
The ogre shouts!
You hear a shout!
Grinder comes into view.
She is carrying a wand of polymorph (8).
The hobgoblin hits you.
You hit the hobgoblin. You burn the hobgoblin.
The hobgoblin is almost dead.
The hobgoblin hits you but does no damage.
Sorry, you're not good enough to have a special ability.
Sorry, you're not good enough to have a special ability.
You barely miss the ogre.
The ogre hits you with a +0 giant spiked club!!
Ouch! That really hurt!
The hobgoblin barely misses you. You furiously retaliate!
You headbutt the hobgoblin.
You kill the hobgoblin!
You hit the ogre. You burn the ogre.
The ogre is moderately wounded.
As you read the scroll labelled VEMPAE KELOSTI, it crumbles to dust.
It is a scroll of amnesia.
You feel forgetful for a moment.
The ogre hits you with a +0 giant spiked club.
* * * LOW HITPOINT WARNING * * *
The ogre attacks as you move away! The ogre completely misses you.
Grinder blinks!
Okay, then.
You feel very mighty all of a sudden.
You completely miss the ogre. You headbutt the ogre!
The ogre is severely wounded.
The ogre hits you with a +0 giant spiked club!
You die...

########## #........#
#........# #........#
#........# #....@...#
#...O[...#### ###
#.........[.# ...
#...........####
####.###5.............#
#..................##.#
#....†..#...####......#
......................>#
##.......#...####....#.#######


You could see Grinder and an ogre.

Vanquished Creatures
  An orc priest (D:3)
  A gnoll (D:1)
  5 adders
  2 dart slugs
  4 orcs (D:3)
  6 ball pythons
  2 bats (D:3)
  9 endoplasms
  4 giant cockroaches
  5 goblins
  3 hobgoblins
  3 jackals (D:1)
  7 kobolds
  3 quokkas (D:2)
  A frilled lizard (D:3)
  5 rats
61 creatures vanquished.

Notes
Turn   | Place    | Note
-------+----------+-------------------------------------------
     0 | D:1      | boopmooplesden the Minotaur Gladiator began the quest for
                  | the Orb.
     0 | D:1      | Reached XP level 1. HP: 18/18 MP: 0/0
   100 | D:1      | Reached XP level 2. HP: 25/25 MP: 1/1
   285 | D:1      | Reached skill level 4 in Staves
   582 | D:1      | Reached XP level 3. HP: 28/30 MP: 2/2
   679 | D:1      | Found Korch's Armour Shoppe.
  1674 | D:2      | Reached XP level 4. HP: 38/38 MP: 3/3
  1876 | D:3      | Found a faded altar of an unknown god.
  1923 | D:3      | Reached skill level 1 in Armour
  1933 | D:3      | Reached skill level 5 in Staves
  2053 | D:3      | Identified the +1 robe of Balig {rElec Regen+}
  2425 | D:3      | Reached XP level 5. HP: 39/45 MP: 4/4
  2710 | D:4      | Noticed an ogre
  2711 | D:4      | Noticed Grinder
  2724 | D:4      | Slain by an ogre

Illustrated notes

Levels and vault maps discovered:
D:1:      eino_arrival_water_cross, layout_loops_ring, serial_shops,
          nicolae_shop_crystal, bh_walls_and_bars
D:2:      layout_loops_ring
D:3:      layout_loops_cross, chequers_ecumenical_altar_grove, glass_columns_c
D:4:      layout_basic, grunt_temple_overflow_holy_war, lemuel_round_altar,
          nicolae_uskayaw_dance_hall, minmay_temple_entry_waves, uniq_edmund,
          uniq_blork_the_orc, uniq_grinder

Skill      XL: |  1  2  3  4 |
---------------+-------------+-----
Staves         | 4 5 |  5.3
Dodging        | 4 |  4.2
Fighting       | 3 |  3.4
Armour         | 1 |  1.8
Throwing       | |  2.1
Stealth        | |  0.1

Action                   |  1- 3 |  4- 6 || total
-------------------------+-------+-------++-------
Melee: Quarterstaff      |    58 |    52 ||   110
       Headbutt          |     7 |     6 ||    13
  Use: Scroll            |     4 |     4 ||     8
       Potion            |       |     1 ||     1
Armor: Leather armour    |     7 |    11 ||    18
Dodge: Dodged            |    39 |    32 ||    71
